 Dungeon Crawl Stone Soup version 0.28.0-53-g5a82cb258f (webtiles) character file.

Game seed: 16572444357445502155

51 firemarshallily the Firebug (level 3, 0/31 HPs)
             Began as a Troll Fire Elementalist on June 6, 2022.
             Slain by a gnoll
             ... wielding a +0 halberd
              (11 damage)
             ... on level 2 of the Dungeon.
             The game lasted 00:06:40 (729 turns).

firemarshallily the Firebug (TrFE)                   Turns: 729, Time: 00:06:40

Health: 0/31       AC:  4    Str: 18    XL:     3   Next: 57%
Magic:  4/4        EV: 10    Int: 11    God:
Gold:   18         SH:  0    Dex: 10    Spells: 2/5 levels left

rFire   . . .      SeeInvis .     - Unarmed
rCold   . . .      Faith    .   (no shield)
rNeg    . . .      Spirit   .   a - +0 robe
rPois   .          Reflect  .   (helmet restricted)
rElec   .          Harm     .   (no cloak)
rCorr   .          Rampage  .   (gloves unavailable)
Will    .....                   (boots unavailable)
Stlth   +.........              (no amulet)
HPRegen 0.90/turn               (no ring)
MPRegen 0.09/turn               (no ring)

@: no status effects
A: large, unfitting armour, claws 3, regeneration 1, shaggy fur 1, tough skin 1
a: no special abilities


You were on level 2 of the Dungeon.
You visited 1 branch of the dungeon, and saw 3 of its levels.

You collected 18 gold pieces.

Inventory:

Armour
 a - a +0 robe (worn)
Jewellery
 c - a ring of wizardry
Scrolls
 b - a scroll of identify {unknown}
 e - a scroll of teleportation {unknown}
Potions
 d - a potion of degeneration {unknown}


   Skills:
 + Level 2.0 Dodging
 - Level 1.0 Stealth
 * Level 1.9 Unarmed Combat
 + Level 1.5 Spellcasting
 - Level 0.6 Conjurations
 + Level 2.4 Fire Magic


You had 2 spell levels left.
You knew the following spells:

 Your Spells              Type           Power      Damage    Failure   Level
a - Foxfire               Conj/Fire      16%        2x1d4     16%         1
b - Scorch                Fire           12%        2d6       17%         2

Your spell library contained the following spells:

 Spells                   Type           Power      Damage    Failure   Level
 Slow                     Hex            0%         N/A       30%         1
 Conjure Flame            Conj/Fire      4%         6-21      43%         3
 Inner Flame              Hex/Fire       3%         N/A       50%         3
 Confusing Touch          Hex            0%         N/A       67%         3
 Vampiric Draining        Necr           0%         2d6       67%         3
 Flame Wave               Conj/Fire      4%         2d5       85%         4


Dungeon Overview and Level Annotations

Branches:
Dungeon (3/15)

Altars:


Innate Abilities, Weirdness & Mutations

You are too large for most types of armour.
You have claws for hands.
Your natural rate of healing is unusually fast.
You are covered in fur. (AC +1)
You have tough skin. (AC +1)


Message History

a +0 whip; a gnoll corpse
There is a stone staircase leading up here.
You start resting.
HP restored.
You climb upwards.
There is a stone staircase leading down here.
You scratch the gnoll.
The gnoll is moderately wounded.
The gnoll hits you with a +0 flail.
You scratch the gnoll.
The gnoll is severely wounded.
The gnoll hits you but does no damage.
You claw the gnoll!
You kill the gnoll!
The gnoll hits you from afar with a +0 halberd!
Your Dodging skill increases to level 2!
The gnoll barely misses you.
Things that are here:
a +0 flail; a gnoll corpse You closely miss the gnoll.
The gnoll hits you with a +0 halberd.
You scratch the gnoll.
The gnoll is lightly wounded.
The gnoll hits you with a +0 halberd!
* * * LOW HITPOINT WARNING * * *
The gnoll hits you from afar with a +0 halberd.
* * * LOW HITPOINT WARNING * * *
You see here a hobgoblin corpse.
You open the door. The gnoll hits you but does no damage.
There is an open door here.
You see here a +0 hunting sling.
The gnoll hits you with a +0 spear.
You claw the gnoll!
You kill the gnoll!
The gnoll hits you from afar with a +0 halberd.
The gnoll misses you.
You closely miss the gnoll. The gnoll hits you with a +0 halberd!
You scratch the gnoll but do no damage. The gnoll barely misses you.
You barely miss the gnoll. The gnoll hits you with a +0 halberd.
You closely miss the gnoll. The gnoll hits you with a +0 halberd!
You die...

#.........##......#
#.........#<......+ #
#.........##......# .# .
#####.........##......##.#...
..........>..†...............
...........)...##.#....#.#..
.........#'###....####g#
.........#.###..).## #.#
................@g.# #.#
................)..###.#.####
#########.)........'..........
#####..........###.#.#####
#.(..).........# #.#...
#......######### #+# #.#
#......# .# #......# #
##......#####


You could see a gnoll.

Vanquished Creatures
  3 gnolls
  2 dart slugs (D:1)
  3 goblins
  6 hobgoblins
  2 quokkas
  2 frilled lizards
  2 kobolds (D:1)
20 creatures vanquished.

Notes
Turn   | Place    | Note
-------+----------+-------------------------------------------
     0 | D:1      | firemarshallily the Troll Fire Elementalist began the quest
                  | for the Orb.
     0 | D:1      | Reached XP level 1. HP: 16/16 MP: 1/1
   130 | D:1      | Reached XP level 2. HP: 22/24 MP: 3/3
   133 | D:1      | Learned a level 2 spell: Scorch
   178 | D:1      | Reached skill level 1 in Unarmed Combat
   681 | D:3      | Reached XP level 3. HP: 23/31 MP: 4/4
   729 | D:2      | Slain by a gnoll

Illustrated notes

Levels and vault maps discovered:
D:1:      eino_arrival_water_cross, layout_loops_ring, minivault_24
D:2:      layout_basic, shapermc_ecumenical_altar_pompeii
D:3:      layout_basic, minmay_misc_feat_plants, ebering_dispersal_statue_hall,
          uniq_robin

Skill      XL: |  1  2  3 |
---------------+----------+-----
Unarmed Combat | 1 |  1.9
Dodging        | 2 |  2.0
Stealth        | |  1.0
Spellcasting   | |  1.5
Conjurations   | |  0.6
Fire Magic     | |  2.4

Action                   || total
-------------------------++-------
Melee: Unarmed           ||    50
 Cast: Scorch            ||     5
 Stab: Sleeping          ||     1
Armor: Robe              ||    15
Dodge: Dodged            ||    21
